Cogmind - Beta 10.1 @@@ ROGUE MODE // 2021.05.11 @ 14:45:49 Player: Farfid Result: Self-destructed Performance ------------- Evolutions (4) 2000 Regions Visited (13) 2600 Robots Destroyed (216) 1080 Value Destroyed (9555) 9555 Prototype IDs (9) 180 Alien Tech Used (0) 0 Bonus (4045) 4045 TOTAL SCORE: 19460 Bonus ------- High Alert Combat Kills 1569 Follower Combat Kills 629 Entered Garrisons 600 Used RIF Installer 1500 Friendly Fire -253 Cogmind --------- Core Integrity 850/850 Matter 274/300 Energy 160/160 System Corruption 0% Temperature Cool (0) Movement Rolling (140) Ox4 Location -6/Factory Parts ------- > --- POWER (1) -------- Light Nuclear Core > --- PROPULSION (2) --- Armored Huge Wheel > --- UTILITY (10) ----- High-capacity Storage Unit High-capacity Storage Unit High-capacity Storage Unit Hardened Heavy Armor Plating Relay Coupler [Swarmer] (37) Relay Coupler [Grunt] (18) Relay Coupler [Sentry] (17) > --- WEAPON (2) ------- Shock Rifle Remote Datajack > --- INVENTORY (28) --- Light Deuterium Engine Light Angular Momentum Engine Armored Wheel Armored Wheel High-capacity Storage Unit Relay Coupler [NC] (33) Relay Coupler [NC] (31) Relay Coupler [Swarmer] (41) Relay Coupler [Swarmer] (42) Relay Coupler [Swarmer] (45) Relay Coupler [Swarmer] (38) Relay Coupler [Grunt] (31) Relay Coupler [Grunt] (31) Relay Coupler [Grunt] (33) Relay Coupler [Brawler] (33) Relay Coupler [Sentry] (26) Relay Coupler [Sentry] (20) Relay Coupler [Demolisher] (26) Relay Coupler [Hunter] (17) Relay Coupler [Hunter] (18) Relay Coupler [Behemoth] (10) Sensor Drone Bay (20/20) Proton Cannon Magnetic Acceleration Cannon Improved Proton Missile Launcher Improved Proton Missile Launcher Powered Hammer Segregator Peak State ------------ > --- POWER ------------ Light Nuclear Core > --- PROPULSION ------- Armored Huge Wheel > --- UTILITY ---------- High-capacity Storage Unit High-capacity Storage Unit High-capacity Storage Unit Hardened Heavy Armor Plating Relay Coupler [Swarmer] Relay Coupler [Grunt] Relay Coupler [Sentry] > --- WEAPON ----------- Advanced Assault Cannon Segregator > --- INVENTORY -------- Light Deuterium Engine Light Angular Momentum Engine Armored Wheel Armored Wheel High-capacity Storage Unit Relay Coupler [NC] Relay Coupler [NC] Relay Coupler [Swarmer] Relay Coupler [Swarmer] Relay Coupler [Swarmer] Relay Coupler [Swarmer] Relay Coupler [Grunt] Relay Coupler [Grunt] Relay Coupler [Grunt] Relay Coupler [Brawler] Relay Coupler [Sentry] Relay Coupler [Sentry] Relay Coupler [Demolisher] Relay Coupler [Hunter] Relay Coupler [Hunter] Relay Coupler [Behemoth] Sensor Drone Bay Proton Cannon Magnetic Acceleration Cannon Improved Proton Missile Launcher Improved Proton Missile Launcher Improved Datajack Chainsword [Rating: 51] Favorites ----------- Power Light Angular Momentum Engine Engine Light Angular Momentum Engine Power Core Light Nuclear Core Propulsion Armored Wheel Treads Light Treads Leg Carbon-fiber Leg Wheel Armored Wheel Utility High-capacity Storage Unit Device Improved Heat Sink Storage High-capacity Storage Unit Processor Improved Terrain Scan Processor Hackware Relay Coupler [Sentry] Protection Light Armor Plating Weapon Autogun Energy Gun Improved Medium Laser Energy Cannon Advanced Beam Cannon Ballistic Gun Autogun Ballistic Cannon Advanced Assault Cannon Launcher Advanced EMP Blaster Special Weapon Remote Datajack Slashing Weapon Katana Special Melee Weapon Datajack Build | -11 -10 -9 -9 -9 -8 -8 -8 -8 -8 -7 -7 -7 -6 ------- Run | Scr Mat Mat Min Exi Min Mat Gar Mat Gar Fac Gar Fac Fac Slots Evolved 8 | . . 2 . . . 2 . . . 2 . . 2 Power . | . . . . . . . . . . . . . . Propulsion . | . . . . . . . . . . . . . . Utility 8 | . . 2 . . . 2 . . . 2 . . 2 Weapon . | . . . . . . . . . . . . . . Parts Attached 288 | 6 6 25 13 . 1 36 39 17 37 16 67 25 . Power 32 | 1 2 3 . . . 3 1 . 3 . 17 2 . Engine 20 | 1 1 3 . . . 3 1 . 3 . 8 . . Core 12 | . 1 . . . . . . . . . 9 2 . Reactor . | . . . . . . . . . . . . . . Propulsion 40 | 2 1 7 2 . . 5 5 . 4 3 9 2 . Treads 6 | . . 1 . . . . 3 . . . 2 . . Leg 5 | . . . . . . . . . . . 5 . . Wheel 29 | 2 1 6 2 . . 5 2 . 4 3 2 2 . Hover . | . . . . . . . . . . . . . . Flight . | . . . . . . . . . . . . . . Utility 90 | 1 2 6 10 . 1 9 13 6 17 7 10 8 . Device 33 | . . 4 7 . 1 4 5 1 4 . 4 3 . Storage 9 | 1 1 . 2 . . 1 1 1 2 . . . . Processor 3 | . . . 1 . . 1 . . . 1 . . . Hackware 16 | . . . . . . 1 1 2 4 4 3 1 . Protection 29 | . 1 2 . . . 2 6 2 7 2 3 4 . Artifact . | . . . . . . . . . . . . . . Weapon 126 | 2 1 9 1 . . 19 20 11 13 6 31 13 . Energy Gun 14 | . . 4 1 . . 2 2 . . . 3 2 . Energy Cannon 12 | . . 1 . . . 4 5 . 1 . . 1 . Ballistic Gun 47 | 2 1 4 . . . 8 5 4 7 2 14 . . Ballistic Cannon 3 | . . . . . . . . . . . 1 2 . Launcher 23 | . . . . . . 5 5 4 2 2 3 2 . Special Weapon 3 | . . . . . . . 1 . . . 1 1 . Impact Weapon . | . . . . . . . . . . . . . . Slashing Weapon 15 | . . . . . . . 1 . 1 1 9 3 . Piercing Weapon . | . . . . . . . . . . . . . . Special Melee Weapon 9 | . . . . . . . 1 3 2 1 . 2 . Unidentified Prototypes 7 | . . 3 1 . . 3 . . . . . . . Parts Lost 58 | . 3 12 4 . . 10 5 2 2 3 15 2 . Power 17 | . 1 2 . . . 1 1 . . . 11 1 . Propulsion 13 | . 1 4 1 . . 4 . . . 1 2 . . Utility 12 | . . 1 2 . . 2 2 1 1 1 1 1 . Weapon 16 | . 1 5 1 . . 3 2 1 1 1 1 . . Highest Loss Streak 7 | . 3 3 4 . . 3 4 1 1 3 7 1 . Average Slot Usage (%) 93 | . 84 88 92 100 100 94 86 99 98 94 97 94 . Engine 7 | . 7 8 11 11 11 8 9 9 8 7 4 . . Core 1 | . 5 2 . . . . . . . . 1 6 . Treads 3 | . . 1 . . . . 9 . . . 4 . . Wheel 12 | . 27 16 19 22 22 15 5 18 17 14 6 12 . Device 8 | . . 15 25 22 22 15 9 8 3 . 6 . . Storage 20 | . 14 11 11 11 11 17 19 27 27 23 23 23 . Processor 1 | . . . 1 11 11 9 . . . . . . . Hackware 12 | . . . . . . 2 4 14 14 25 23 27 . Protection 7 | . 1 11 2 . . 7 12 3 7 6 4 7 . Energy Gun 2 | . . 9 10 11 11 1 . . . . 1 1 . Energy Cannon 2 | . . . . . . 4 6 9 . . . . . Ballistic Gun 8 | . 27 12 11 11 11 11 8 5 5 . 8 1 . Slashing Weapon 1 | . . . . . . . . . 5 5 2 3 . Special Melee Weapon 1 | . . . . . . . . 1 5 6 . . . Naked Turns . | . . . . . . . . . . . . . . Heaviest Build 132 | 11 25 37 49 48 48 86 123 128 126 115 122 132 . Greatest Support 40 | 26 26 26 26 20 20 26 40 24 24 24 40 28 . Greatest Overweight (x) 11 | . . 3 3 2 2 8 6 5 9 11 10 5 . Average Overweight (x) 3 | . . 1 1 2 2 4 3 4 4 4 3 4 . Largest Inventory Capacity 28 | 6 12 10 18 12 12 20 28 28 28 28 28 28 . Average Capacity 22 | 4 9 10 10 12 12 19 21 28 28 28 28 28 . Most Carried 28 | 4 8 10 11 12 12 20 28 27 28 28 28 28 . Average Carried 21 | 2 3 8 9 11 11 18 19 26 27 27 27 27 . Final Capacity 28 | 6 10 10 12 12 12 20 28 28 28 28 28 28 28 Final Carried 28 | 1 7 10 11 12 12 20 27 27 28 26 28 28 28 Class Distribution -------------------- 40% | Hauler-Mutant 31% | Bothacker-Mutant 22% | Scavenger-Mutant 6% | Mutant Dominant Class ---------------- Mutant | -10/Materials Scavenger-Mutant | -9/Materials Scavenger-Mutant | -9/Mines Scavenger-Mutant | -9/Exiles Scavenger-Mutant | -8/Mines Scavenger-Mutant | -8/Materials Hauler-Mutant | -8/Garrison Bothacker-Mutant | -8/Materials Bothacker-Mutant | -8/Garrison Bothacker-Mutant | -7/Factory Hauler-Mutant | -7/Garrison Bothacker-Mutant | -7/Factory Bothacker-Mutant | -6/Factory Resources | -11 -10 -9 -9 -9 -8 -8 -8 -8 -8 -7 -7 -7 -6 ----------- Run | Scr Mat Mat Min Exi Min Mat Gar Mat Gar Fac Gar Fac Fac Matter Collected 5156 | 171 267 529 228 . 42 735 649 333 548 192 1126 336 . Remotely 60 | . . . 60 . . . . . . . . . . Salvage Created 9571 | . 308 1465 506 . 19 1690 1325 1448 740 284 1374 412 . Parts 473 | . 21 82 26 . 2 95 56 66 29 15 51 30 . Haulers Intercepted 7 | . . 3 . . . 2 . . . . . 2 . Recyclers Shooed 12 | . . 7 3 . . 1 . . . . . 1 . Parts Field Recycled 17 | . . . . . . . 17 . . . . . . Retrieved Matter 58 | . . . . . . . 58 . . . . . . Parts Self-Destructed . | . . . . . . . . . . . . . . Prevented . | . . . . . . . . . . . . . . Kills | -11 -10 -9 -9 -9 -8 -8 -8 -8 -8 -7 -7 -7 -6 ------- Run | Scr Mat Mat Min Exi Min Mat Gar Mat Gar Fac Gar Fac Fac Combat Hostiles Destroyed 159 | . 8 21 5 . . 28 22 21 19 3 27 5 . Melee 3 | . . . . . . . . . 1 1 1 . . Guns 71 | . 8 21 5 . . 15 6 1 2 . 13 . . Cannons 13 | . . . . . . 1 6 5 . . . 1 . AOE 64 | . . . . . . 11 10 11 15 2 11 4 . Classes Destroyed 13 | . 4 6 . . . 2 . 1 . . . . . Worker 14 | . 2 4 3 . 1 3 . . . 1 . . . Builder 12 | . . 1 1 . . 3 . 4 . 2 . 1 . Tunneler 5 | . 1 . 3 . . 1 . . . . . . . Hauler 7 | . . 3 . . . 2 . . . . . 2 . Recycler 9 | . . 3 2 . . 1 . 2 . 1 . . . Operator 4 | . . . . . . . . 3 . . . 1 . Watcher 5 | . . 2 . . . . 1 1 . . . 1 . Swarmer 33 | . 3 3 . . . 3 3 2 8 . 10 1 . Grunt 100 | . 5 11 4 . . 19 15 15 10 3 15 3 . Brawler 5 | . . 3 1 . . . . 1 . . . . . Duelist 4 | . . . . . . 1 1 . 1 . . 1 . Sentry 16 | . . 4 . . . 4 3 2 . . 2 1 . Hunter 2 | . . . . . . 1 . 1 . . . . . Best Kill Streak 11 | . 4 5 3 . 1 7 4 11 9 3 4 3 . Combat Bots Only 9 | . 3 3 3 . . 6 4 7 9 2 4 2 . Max Kills in Single Turn 5 | . 1 2 2 . 1 5 2 3 3 1 3 2 . Gunslinging 1 | . . 1 . . . . . . . . . . . Exploded 4 | . . . . . . 4 2 2 3 1 3 1 . Melee 1 | . . . . . . . . . 1 1 1 . . Uniques/NPCs Destroyed . | . . . . . . . . . . . . . . Combat | -11 -10 -9 -9 -9 -8 -8 -8 -8 -8 -7 -7 -7 -6 -------- Run | Scr Mat Mat Min Exi Min Mat Gar Mat Gar Fac Gar Fac Fac Damage Taken 7620 | . 415 1026 314 . 30 1270 1274 330 614 344 1450 553 . Core 1150 | . 71 149 29 . . 186 63 113 57 119 322 41 . Absorbed by Shields . | . . . . . . . . . . . . . . Core Remaining (%) 56 | 100 71 . . . 55 . . . 23 . . 31 . Volleys Fired 584 | . 32 125 45 . 5 82 87 47 41 7 88 25 . Largest 2 | . 2 2 2 . 2 2 2 2 2 1 2 2 . Hottest 112 | . 40 112 79 . 79 91 91 90 65 36 86 81 . Shots Fired 973 | . 59 247 89 . 10 144 133 58 58 7 136 32 . Gun 742 | . 59 247 89 . 10 95 60 20 35 . 111 16 . Cannon 118 | . . . . . . 31 54 20 2 . 2 9 . Launcher 100 | . . . . . . 18 12 18 21 7 19 5 . Special 13 | . . . . . . . 7 . . . 4 2 . Kinetic 564 | . 59 152 45 . 5 92 56 20 35 . 84 16 . Thermal 298 | . . 95 44 . 5 34 65 20 2 . 33 . . Explosive . | . . . . . . . . . . . . . . Electromagnetic 109 | . . . . . . 18 12 18 21 7 19 14 . Robot Hit Streak 23 | . 11 12 18 . 7 23 11 6 12 1 8 14 . Robot Miss Streak 9 | . 3 8 4 . 2 4 4 2 4 . 9 2 . Penetration Max 1 | . . . . . . . . . . . . 1 . Secondary Targets 6 | . 1 3 . . . 1 . . . . 1 . . Max Gunslinging Chain 1 | . 1 1 . . . 1 . . . . 1 . . Shots Hit Robots 617 | . 40 150 58 . 6 108 70 36 28 9 83 29 . Core Hits 363 | . 18 53 16 . 3 66 43 36 24 8 75 21 . Critical Hits 9 | . . 2 . . . 1 6 . . . . . . Critical Kills 3 | . . 1 . . . . 2 . . . . . . Critical Parts Destroyed 5 | . . 1 . . . 1 3 . . . . . . Melee Attacks 84 | . . . . . . . 4 7 27 12 30 4 . Thermal 10 | . . . . . . . . . . . 10 . . Impact . | . . . . . . . . . . . . . . Slashing 52 | . . . . . . . 3 . 19 7 20 3 . Piercing . | . . . . . . . . . . . . . . Sneak Attacks 5 | . . . . . . . . . . 3 . 2 . Combat Hostiles . | . . . . . . . . . . . . . . Follow-up Attacks . | . . . . . . . . . . . . . . Damage Inflicted 16280 | . 464 1929 998 . 118 3080 2094 2144 1246 528 2390 1289 . Guns 6499 | . 464 1924 998 . 118 1077 422 109 259 . 860 268 . Cannons 1667 | . . . . . . 516 503 465 . . 31 152 . Explosions 7092 | . . . . . . 1487 905 1570 956 274 1212 688 . Melee 907 | . . . . . . . 199 . 31 254 242 181 . Ramming 5 | . . 5 . . . . . . . . . . . Kinetic 4699 | . 464 1003 413 . 49 1041 406 109 259 . 671 284 . Thermal 4267 | . . 921 585 . 69 700 683 626 56 . 381 246 . Explosive . | . . . . . . . . . . . . . . Electromagnetic 6402 | . . . . . . 1339 806 1409 900 274 1096 578 . Impact . | . . . . . . . . . . . . . . Slashing 907 | . . . . . . . 199 . 31 254 242 181 . Piercing . | . . . . . . . . . . . . . . Highest Corruption 2 | . . . 2 2 2 1 2 2 2 1 2 2 . Average Corruption 1 | . . . 2 2 2 1 1 2 2 1 1 2 . Corruption Purged . | . . . . . . . . . . . . . . Effects 99 | . . . 4 3 5 5 13 8 21 . 27 13 . Message Errors 35 | . . . 2 1 . 2 2 2 10 . 10 6 . Heat Flow Errors 16 | . . . . 1 . . 2 2 4 . 5 2 . Energy Discharges 19 | . . . 1 . 2 . 5 2 1 . 6 2 . Data Loss (minor) 19 | . . . 1 1 2 1 1 1 4 . 5 3 . Targeting Errors 10 | . . . . . 1 2 3 1 2 . 1 . . Overload Shots . | . . . . . . . . . . . . . . Overflow Damage 381 | . . . . . . 28 63 64 17 93 15 101 . Projectiles 33 | . . . . . . 10 14 9 . . . . . Explosions 186 | . . . . . . 18 49 55 17 . 15 32 . Melee 162 | . . . . . . . . . . 93 . 69 . Knockbacks 2 | . . . . . . . . . . . 1 1 . Impact . | . . . . . . . . . . . . . . Kinetic 2 | . . . . . . . . . . . 1 1 . Secondary . | . . . . . . . . . . . . . . Self-Inflicted Damage 460 | . . 2 . . . 127 78 11 91 . 65 86 . Shots 22 | . . . . . . 6 4 1 5 . 4 2 . Rammed 1 | . . 1 . . . . . . . . . . . Targets Rammed 1 | . . 1 . . . . . . . . . . . Kicked . | . . . . . . . . . . . . . . Crushed . | . . . . . . . . . . . . . . Highest Temperature 285 | . 8 24 . 233 . 38 170 285 234 . 206 260 . Average Temperature 34 | . 3 5 . 123 . 11 27 106 47 . 23 64 . Received Heat Transfer 2574 | . 195 306 102 . 18 522 558 117 225 60 426 45 . Siege Activations . | . . . . . . . . . . . . . . Robots Corrupted 7 | . . . . . . 1 . 3 1 . 2 . . Combat Hostiles 7 | . . . . . . 1 . 3 1 . 2 . . Parts Fried 37 | . . . . . . 9 1 10 9 1 4 3 . Impact Corruptions . | . . . . . . . . . . . . . . Robots Melted 1 | . . . . . . . . 1 . . . . . Combat Hostiles 1 | . . . . . . . . 1 . . . . . Parts Melted 11 | . . . 3 . . . 1 5 . . 2 . . Heat Transferred 7859 | . . 2183 1258 . 148 1199 1237 879 50 . 705 200 . Parts Sabotaged 10 | . . . . . . . . . 10 . . . . Parts Stolen . | . . . . . . . . . . . . . . Parts Stripped . | . . . . . . . . . . . . . . Power Chain Reactions 22 | . . . . . . 7 1 6 2 . 3 3 . Missiles Intercepted . | . . . . . . . . . . . . . . Alert | -11 -10 -9 -9 -9 -8 -8 -8 -8 -8 -7 -7 -7 -6 ------- Run | Scr Mat Mat Min Exi Min Mat Gar Mat Gar Fac Gar Fac Fac Peak Influence 1287 | . 205 541 177 . 190 553 934 1078 1287 755 1247 759 . Initial 675 | . . 86 62 . . 74 144 455 583 675 420 654 270 Average 693 | . 130 270 86 . 116 368 645 816 1089 675 991 605 . Maximum Alert Level 4 | . 1 2 . . . 2 3 3 4 3 4 3 . Low Security (%) 11 | 100 70 31 100 . 100 8 3 . . . . . . Level 1 10 | . 29 58 . . . 46 8 . . . . . . Level 2 27 | . . 10 . . . 45 41 32 5 67 9 81 . Level 3 32 | . . . . . . . 46 67 41 32 48 18 . Level 4 17 | . . . . . . . . . 53 . 41 . . Level 5 . | . . . . . . . . . . . . . . High Security . | . . . . . . . . . . . . . . Max Security . | . . . . . . . . . . . . . . Squads Dispatched 19 | . 1 2 . . . 2 . 6 . 5 . 3 . Investigation 4 | . 1 . . . . 1 . 1 . 1 . . . Extermination 2 | . . . . . . . . . . 1 . 1 . Reinforcement 10 | . . 2 . . . 1 . 5 . 1 . 1 . Assault 2 | . . . . . . . . . . 1 . 1 . Garrison 1 | . . . . . . . . . . 1 . . . Intercept . | . . . . . . . . . . . . . . Construction Impeded 4 | . . . . . . . . 2 . 1 . 1 . Haulers Reinforced . | . . . . . . . . . . . . . . Stealth | -11 -10 -9 -9 -9 -8 -8 -8 -8 -8 -7 -7 -7 -6 --------- Run | Scr Mat Mat Min Exi Min Mat Gar Mat Gar Fac Gar Fac Fac Distress Signals 14 | . . 3 . . . 5 . 3 . 1 . 2 . Communications Jammed . | . . . . . . . . . . . . . . Distress Signals . | . . . . . . . . . . . . . . Times Spotted 303 | . 11 44 5 . 4 41 33 47 29 16 54 19 . Peak Tracking Total 9 | . 4 6 3 . 3 9 5 6 4 8 4 5 . Tactical Retreats 47 | . 1 3 . . . 3 7 10 1 . 20 2 . Traps | -11 -10 -9 -9 -9 -8 -8 -8 -8 -8 -7 -7 -7 -6 ------- Run | Scr Mat Mat Min Exi Min Mat Gar Mat Gar Fac Gar Fac Fac Traps Triggered 34 | . 1 . . . . 1 10 1 5 2 11 3 . Indirectly 13 | . . . . . . . 5 1 1 2 4 . . Trap Hack Attempts . | . . . . . . . . . . . . . . Triggered . | . . . . . . . . . . . . . . Disarmed . | . . . . . . . . . . . . . . Reprogrammed . | . . . . . . . . . . . . . . Reused . | . . . . . . . . . . . . . . Traps Extracted . | . . . . . . . . . . . . . . Installed . | . . . . . . . . . . . . . . Triggered 6 | . . . . . . . . . . . 6 . . Exploded 1 | . . . . . . 1 . . . . . . . Machines | -11 -10 -9 -9 -9 -8 -8 -8 -8 -8 -7 -7 -7 -6 ---------- Run | Scr Mat Mat Min Exi Min Mat Gar Mat Gar Fac Gar Fac Fac Machines Disabled 30 | . . 3 . . . 5 4 5 5 1 7 . . Max in Single Turn 2 | . . 1 . . . 2 1 2 1 1 2 . . Garrison Relay 13 | . . . . . . . 4 . 5 . 4 . . Phase Generator 1 | . . . . . . . . . . . 1 . . Machines Sabotaged 1 | . . . . . . . . . . 1 . . . Garrisons Compromised . | . . . . . . . . . . . . . . Overloaded Fab Kills . | . . . . . . . . . . . . . . Fab Network Shutdowns . | . . . . . . . . . . . . . . Hacking | -11 -10 -9 -9 -9 -8 -8 -8 -8 -8 -7 -7 -7 -6 --------- Run | Scr Mat Mat Min Exi Min Mat Gar Mat Gar Fac Gar Fac Fac Machines Accessed 32 | . 1 7 1 4 . 8 . 2 . 5 . 4 . Terminals 22 | . 1 7 . . . 7 . 1 . 2 . 4 . Fabricators 1 | . . . . . . . . . . 1 . . . Repair Stations . | . . . . . . . . . . . . . . Recycling Units . | . . . . . . . . . . . . . . Scanalyzers 1 | . . . . . . . . . . 1 . . . Garrison Access 3 | . . . . . . 1 . 1 . 1 . . . Total Hacks 74 | . 3 19 1 4 . 20 . 8 . 9 . 10 . Successful 36 | . 1 8 1 4 . 10 . 4 . 5 . 3 . Failed 38 | . 2 11 . . . 10 . 4 . 4 . 7 . Catastrophic 7 | . . 2 . . . 2 . . . 1 . 2 . Database Lockouts . | . . . . . . . . . . . . . . Manual 22 | . . 5 . 1 . 9 . 5 . 1 . 1 . Terminals 54 | . 3 19 . . . 17 . 3 . 2 . 10 . Fabricators 4 | . . . . . . . . . . 4 . . . Repair Stations . | . . . . . . . . . . . . . . Recycling Units . | . . . . . . . . . . . . . . Scanalyzers 2 | . . . . . . . . . . 2 . . . Garrison Access 9 | . . . . . . 3 . 5 . 1 . . . Terminal Hacks 26 | . 1 8 1 4 . 9 . . . . . 3 . Record 5 | . . . . 4 . . . . . . . 1 . Prototype ID Bank 1 | . . . . . . 1 . . . . . . . Open Door 1 | . . . 1 . . . . . . . . . . Terminal Index 1 | . . . . . . 1 . . . . . . . Alert Level 2 | . . 1 . . . 1 . . . . . . . Unreport Threat 5 | . . 2 . . . 3 . . . . . . . Locate Traps 4 | . . 3 . . . 1 . . . . . . . Patrol Status 1 | . . . . . . 1 . . . . . . . Hauler Manifests 2 | . . 1 . . . 1 . . . . . . . Registered Components 1 | . 1 . . . . . . . . . . . . Zone Layout 3 | . . 1 . . . . . . . . . 2 . Fabricator Hacks 1 | . . . . . . . . . . 1 . . . Build 1 | . . . . . . . . . . 1 . . . Repair Station Hacks . | . . . . . . . . . . . . . . Recycling Unit Hacks . | . . . . . . . . . . . . . . Scanalyzer 2 | . . . . . . . . . . 2 . . . Insert Component 1 | . . . . . . . . . . 1 . . . Analyze 1 | . . . . . . . . . . 1 . . . Garrison Access Hacks 3 | . . . . . . 1 . 1 . 1 . . . Unlock Access 3 | . . . . . . 1 . 1 . 1 . . . Unauthorized Hacks 4 | . . . . . . . . 3 . 1 . . . Terminals 1 | . . . . . . . . . . 1 . . . Sabotage 1 | . . . . . . . . . . 1 . . . Fabricators . | . . . . . . . . . . . . . . Repair Stations . | . . . . . . . . . . . . . . Recycling Units . | . . . . . . . . . . . . . . Scanalyzers . | . . . . . . . . . . . . . . Garrison Access 3 | . . . . . . . . 3 . . . . . Broadcast 1 | . . . . . . . . 1 . . . . . Reprogram 1 | . . . . . . . . 1 . . . . . Watchers 1 | . . . . . . . . 1 . . . . . Data Cores Recovered 1 | . . . . . . . . . . . . 1 . Used 1 | . . . . . . . . . . . . 1 . Hacking Detections 25 | . 1 7 . . . 8 . 2 . 3 . 4 . Full Trace Events . | . . . . . . . . . . . . . . Feedback Events . | . . . . . . . . . . . . . . Feedback Blocked . | . . . . . . . . . . . . . . Robot Schematics Acquired . | . . . . . . . . . . . . . . Robots Built . | . . . . . . . . . . . . . . Matter . | . . . . . . . . . . . . . . Time . | . . . . . . . . . . . . . . Total Robot Build Rating . | . . . . . . . . . . . . . . Part Schematics Acquired 1 | . . . . . . . . . . 1 . . . Parts Built 1 | . . . . . . . . . . 1 . . . Matter 168 | . . . . . . . . . . 168 . . . Time 84 | . . . . . . . . . . 84 . . . Total Part Build Rating 4 | . . . . . . . . . . 4 . . . Parts Repaired . | . . . . . . . . . . . . . . Time . | . . . . . . . . . . . . . . Parts Recycled . | . . . . . . . . . . . . . . Recycled Matter . | . . . . . . . . . . . . . . Retrieved Matter . | . . . . . . . . . . . . . . Retrieved Components . | . . . . . . . . . . . . . . Parts Scanalyzed 1 | . . . . . . . . . . 1 . . . Part Schematics Acquired 1 | . . . . . . . . . . 1 . . . Parts Damaged . | . . . . . . . . . . . . . . Bothacking | -11 -10 -9 -9 -9 -8 -8 -8 -8 -8 -7 -7 -7 -6 ------------ Run | Scr Mat Mat Min Exi Min Mat Gar Mat Gar Fac Gar Fac Fac Used RIF Installer 3 | . . . . . . . 1 . 1 . 1 . . Command Fork 1 | . . . . . . . . . 1 . . . . Autooverride 1 | . . . . . . . . . . . 1 . . Robots Hacked 23 | . . . . . . . 1 6 5 4 1 6 . Non-combat 1 | . . . . . . . . . . 1 . . . Combat 22 | . . . . . . . 1 6 5 3 1 6 . Autooverrided 5 | . . . . . . . . . . . 1 4 . Robot Hacks Applied 20 | . . . . . . . 1 7 5 4 . 3 . drop_inventory 1 | . . . . . . . . . . 1 . . . find_garrison 2 | . . . . . . . . 1 . 1 . . . spike_heat 2 | . . . . . . . . 2 . . . . . wipe_record 1 | . . . . . . . . . . . . 1 . overwrite_iff 5 | . . . . . . . . 3 1 . . 1 . streamctrl_high 3 | . . . . . . . 1 . 1 1 . . . formatsys_high 6 | . . . . . . . . 1 3 1 . 1 . Relay Couplers Released 56 | . . . . . . . 19 . 23 . 14 . . Machine Destruction 56 | . . . . . . . 19 . 23 . 14 . . Attached 14 | . . . . . . . 1 2 4 3 3 1 . Robots Rewired . | . . . . . . . . . . . . . . Allies Hacked . | . . . . . . . . . . . . . . Hacks Repelled . | . . . . . . . . . . . . . . Allies | -11 -10 -9 -9 -9 -8 -8 -8 -8 -8 -7 -7 -7 -6 -------- Run | Scr Mat Mat Min Exi Min Mat Gar Mat Gar Fac Gar Fac Fac Total Allies 24 | . . . 4 . . . 1 4 5 3 1 6 . Largest Group 4 | . . . 4 3 3 3 1 1 2 3 1 2 . Highest-Rated Group 71 | . . . 71 40 40 40 15 16 30 62 32 64 . Highest-Rated Ally 32 | . . . 31 16 16 16 15 16 15 32 32 32 . Total Orders 5 | . . . 1 . . . 2 . 2 . . . . STAY 2 | . . . . . . . 1 . 1 . . . . FOLLOW 1 | . . . . . . . . . 1 . . . . RETURN 2 | . . . 1 . . . 1 . . . . . . Ally Attacks 121 | . . . . . 28 20 12 11 9 19 . 22 . Total Damage 2115 | . . . . . 333 210 240 125 214 492 . 501 . Kills 29 | . . . . . 7 4 2 1 4 2 . 9 . Allies Corrupted . | . . . . . . . . . . . . . . Allies Melted . | . . . . . . . . . . . . . . Intel | -11 -10 -9 -9 -9 -8 -8 -8 -8 -8 -7 -7 -7 -6 ------- Run | Scr Mat Mat Min Exi Min Mat Gar Mat Gar Fac Gar Fac Fac Robot Analysis Total . | . . . . . . . . . . . . . . Derelict Logs Recovered 2 | . . . 2 . . . . . . . . . . Drone Launches 2 | . . . 1 . . . 1 . . . . . . Drone Recoveries 2 | . . . 1 . . . 1 . . . . . . Exploration | -11 -10 -9 -9 -9 -8 -8 -8 -8 -8 -7 -7 -7 -6 ------------- Run | Scr Mat Mat Min Exi Min Mat Gar Mat Gar Fac Gar Fac Fac Turns Passed 14136 | 33 286 1121 648 439 201 1109 2900 512 2156 599 2910 1222 . Spaces Moved 7738 | 29 177 665 441 424 150 600 1291 237 1281 374 1353 716 . Core 10 | 10 . . . . . . . . . . . . . Treads 1165 | . . . . . . . 791 . . . 374 . . Legs 276 | . . . . . . . . . . . 276 . . Wheels 6287 | 19 177 665 441 424 150 600 500 237 1281 374 703 716 . Hover . | . . . . . . . . . . . . . . Flight . | . . . . . . . . . . . . . . Fastest Speed 50 | 50 90 90 90 100 100 100 120 130 130 130 125 130 . Average Speed 138 | 76 90 98 97 100 100 123 183 131 132 131 169 134 . Slowest Speed 420 | 100 90 110 110 100 100 160 260 140 180 190 420 140 . Overloaded Moves . | . . . . . . . . . . . . . . Propulsion Burnouts . | . . . . . . . . . . . . . . Robots Hopped . | . . . . . . . . . . . . . . Cave-ins Triggered . | . . . . . . . . . . . . . . Exploration Rate (%) 52 | 3 39 53 65 89 49 61 85 20 85 15 97 18 . Regions Visited 13 Branch Regions 3 Pre-discovered Areas . | . . . . . . . . . . . . . . Known Exits Taken 3 | . . . . . . 1 . 1 . 1 . . . Unknown Exits Taken 7 | 1 1 1 1 1 1 . . . . . . 1 . Scrap Searched . | . . . . . . . . . . . . . . Spaces Dug 2 | . . . . . . . . . . 2 . . . Terrain Destroyed 141 | . . . . . . 21 1 12 1 2 94 10 . Melee 2 | . . . . . . . . . . 2 . . . Projectile 5 | . . . . . . . . 3 . . 1 1 . AOE 134 | . . . . . . 21 1 9 1 . 93 9 . Terrain Rammed . | . . . . . . . . . . . . . . Walls Destroyed . | . . . . . . . . . . . . . . Machines Disabled . | . . . . . . . . . . . . . . Actions | -11 -10 -9 -9 -9 -8 -8 -8 -8 -8 -7 -7 -7 -6 --------- Run | Scr Mat Mat Min Exi Min Mat Gar Mat Gar Fac Gar Fac Fac Total 10143 | 38 247 904 569 439 191 837 1689 373 1658 456 1804 938 . Wait 1000 | . 17 46 57 11 33 68 191 60 203 32 155 127 . Move 7728 | 28 176 664 440 423 149 600 1290 237 1280 374 1352 715 . Hop . | . . . . . . . . . . . . . . Pick Up 181 | 4 13 25 6 3 1 29 23 2 21 7 37 10 . Fast Attach 82 | 3 . 5 6 . 1 7 9 2 14 4 18 13 . Attach 93 | 3 6 16 5 . . 13 12 2 11 6 16 3 . Detach 11 | . . . 1 . . . 5 . 2 . 3 . . Swap 114 | . . 5 2 . . 16 18 13 12 6 33 9 . Drop 168 | . 3 17 7 2 2 22 19 2 21 7 43 23 . Fire 584 | . 32 125 45 . 5 82 87 47 41 7 88 25 . Melee 84 | . . . . . . . 4 7 27 12 30 4 . Ram 1 | . . 1 . . . . . . . . . . . Kick . | . . . . . . . . . . . . . . Crush . | . . . . . . . . . . . . . . Escape Stasis 92 | . . . . . . . 31 . 24 . 29 8 . Rewire 5 | . . . . . . . . 1 2 1 . 1 . Trap . | . . . . . . . . . . . . . . Miscellaneous . | . . . . . . . . . . . . . . Route ------- -11/Scrapyard -10/Materials (discovered 2 exits: *Mat / [*Min]) -9/Materials (discovered 2 exits: *Min x2) -9/Mines (discovered 3 exits: *Mat x2 / *Exi) -9/Exiles -8/Mines -8/Materials (discovered 4 exits: *Fac x2 / [*Sto] / Gar) -8/Garrison (discovered 3 exits: *Mat x3) -8/Materials (discovered 2 exits: [*Sto] / Gar) -8/Garrison (discovered 3 exits: *Fac x3) -7/Factory -7/Garrison (discovered 3 exits: *Fac x3) -7/Factory -6/Factory History --------- Turn | Location | Event 11 | -11/Scrapyard | Discovered new exit (range 15) 34 | -11/Scrapyard | Entered Materials 179 | -10/Materials | Discovered new exit (range 15) 235 | -10/Materials | Lost 3 parts (1p1n1w) 306 | -10/Materials | Discovered new exit (range 4) 317 | -10/Materials | Build established: Mutant 320 | -10/Materials | Entered another Materials area 320 | -9/Materials | Evolved 2 slots: Utility x2 995 | -9/Materials | Build established: Scavenger-Mutant 1030 | -9/Materials | Lost 3 parts (1p1n1w) 1313 | -9/Materials | Discovered new exit (range 16) 1379 | -9/Materials | Discovered new exit (range 14) 1441 | -9/Materials | Entered Mines 1489 | -9/Mines | Learned location of 1 exit from Materials 1549 | -9/Mines | Discovered new exit (range 3) 1620 | -9/Mines | Lost 4 parts (1n2u1w) 1628 | -9/Mines | Discovered new exit (range 8) 1633 | -9/Mines | Received a Mining Laser from a helpful Derelict 1820 | -9/Mines | Assisted by bots powering up and referring to "LRC-V3" 1851 | -9/Mines | Deemed a non-threat by the Exiles lab entrance 1851 | -9/Mines | Discovered new exit (range 5) 1924 | -9/Mines | Found the Drone Emporium 1928 | -9/Mines | Found Prototype Device 1928 | -9/Mines | Identified Sensor Drone Bay 2089 | -9/Mines | Entered Exiles 2089 | -9/Exiles | Found Exiles lab abandoned 2089 | -9/Exiles | Accompanied by 3 allies 2508 | -9/Exiles | Discovered new exit (range 10) 2528 | -9/Exiles | Entered Mines 2528 | -8/Mines | Accompanied by 3 allies 2713 | -8/Mines | Discovered new exit (range 7) 2729 | -8/Mines | Entered Materials 2729 | -8/Materials | Accompanied by 3 allies 2729 | -8/Materials | Evolved 2 slots: Utility x2 2730 | -8/Materials | Identified exit to Factory 3066 | -8/Materials | Discovered new exit (range 16) 3121 | -8/Materials | Lost 3 parts (1n1u1w) 3571 | -8/Materials | Discovered exit to Factory (range 15) 3838 | -8/Materials | Identified exit to Garrison 3838 | -8/Materials | Entered Garrison 3881 | -8/Garrison | Build established: Hauler-Mutant 3974 | -8/Garrison | Triggered checkpoint 4040 | -8/Garrison | Discovered new exit (range 10) 4059 | -8/Garrison | Installed Relay Interface Framework 4107 | -8/Garrison | Triggered checkpoint 4262 | -8/Garrison | Discovered new exit (range 10) 4470 | -8/Garrison | Triggered checkpoint 4626 | -8/Garrison | Garrison Relay disabled 4918 | -8/Garrison | Discovered new exit (range 12) 5168 | -8/Garrison | Triggered checkpoint 5206 | -8/Garrison | Garrison Relay disabled 5376 | -8/Garrison | Triggered checkpoint 5455 | -8/Garrison | Garrison Relay disabled 5632 | -8/Garrison | Triggered checkpoint 5702 | -8/Garrison | Lost 4 parts (1p1u2w) 5706 | -8/Garrison | Garrison Relay disabled 5958 | -8/Garrison | Triggered checkpoint 6511 | -8/Garrison | Build established: Bothacker-Mutant 6738 | -8/Garrison | Entered Materials 6822 | -8/Materials | Core integrity fell below 50% 7054 | -8/Materials | Destroyed 7 combat bots 7086 | -8/Materials | Discovered new exit (range 15) 7241 | -8/Materials | Identified exit to Garrison 7250 | -8/Materials | Entered Garrison 7356 | -8/Garrison | Triggered checkpoint 7358 | -8/Garrison | Triggered checkpoint 7379 | -8/Garrison | Triggered checkpoint 7406 | -8/Garrison | Destroyed 9 combat bots 7498 | -8/Garrison | Discovered exit to Factory (range 10) 7617 | -8/Garrison | Discovered exit to Factory (range 14) 7696 | -8/Garrison | Expanded RIF knowledge: Command Fork 7765 | -8/Garrison | Triggered checkpoint 7823 | -8/Garrison | Garrison Relay disabled 7953 | -8/Garrison | Garrison Relay disabled 8220 | -8/Garrison | Triggered checkpoint 8247 | -8/Garrison | Garrison Relay disabled 8364 | -8/Garrison | Triggered checkpoint 8401 | -8/Garrison | Garrison Relay disabled 8580 | -8/Garrison | Triggered checkpoint 8616 | -8/Garrison | Discovered exit to Factory (range 10) 8648 | -8/Garrison | Triggered checkpoint 8698 | -8/Garrison | Garrison Relay disabled 9406 | -8/Garrison | Entered Factory 9406 | -7/Factory | Accompanied by 2 allies 9406 | -7/Factory | Evolved 2 slots: Utility x2 9806 | -7/Factory | First assault squad dispatched 9830 | -7/Factory | Fabricated Imp. EM Pulse Cannon? 9963 | -7/Factory | Garrison activated, responded to threat 10005 | -7/Factory | Identified exit to Garrison 10005 | -7/Factory | Entered Garrison 10012 | -7/Garrison | Expanded RIF knowledge: Autooverride 10015 | -7/Garrison | Lost 3 parts (1n1u1w) 10085 | -7/Garrison | Triggered checkpoint 10223 | -7/Garrison | Triggered checkpoint 10265 | -7/Garrison | Lost 3 parts (2p1u) 10416 | -7/Garrison | Discovered new exit (range 13) 10523 | -7/Garrison | Build established: Hauler-Mutant 10540 | -7/Garrison | Triggered checkpoint 10661 | -7/Garrison | Garrison Relay disabled 10856 | -7/Garrison | Triggered checkpoint 10908 | -7/Garrison | Garrison Relay disabled 10986 | -7/Garrison | Discovered new exit (range 15) 11038 | -7/Garrison | Core integrity fell below 50% 11068 | -7/Garrison | Lost 7 parts (5p2n) 11317 | -7/Garrison | Spotted B-75 Beast 11715 | -7/Garrison | Phase Generator disabled 12102 | -7/Garrison | Discovered new exit (range 10) 12117 | -7/Garrison | Triggered checkpoint 12185 | -7/Garrison | Garrison Relay disabled 12423 | -7/Garrison | Garrison Relay disabled 12915 | -7/Garrison | Entered Factory 13510 | -7/Factory | Build established: Bothacker-Mutant 13715 | -7/Factory | First assault squad dispatched 14072 | -7/Factory | Discovered new exit (range 14) 14137 | -7/Factory | Entered another Factory area 14137 | -6/Factory | Evolved 2 slots: Utility x2 14137 | -6/Factory | Self-destructed Last Messages --------------- 14128_ Y-54 Guardian destroyed. 14130_ K-01 Serf collects debris. 14130_ U-05 Engineer lays Concrete. 14130_ Acquired 16 matter. 14131_ U-05 Engineer lays Concrete. 14132_ K-01 Serf collects debris. 14132_ U-05 Engineer builds a Wall. 14133_ U-05 Engineer lays Concrete. 14133_ K-01 Serf collects debris. 14134_ U-05 Engineer lays Concrete. 14134_ U-05 Engineer builds a Door. 14134_ U-05 Engineer lays Concrete. 14135_ K-01 Serf collects debris. 14136_ U-05 Engineer lays Concrete. 14137_ K-01 Serf collects debris. 14137_ U-05 Engineer builds a Wall. 14137_ U-05 Engineer lays Concrete. PARAMETERS=UTILITY_2 LOCATION=UNKNOWN GOAL=ESCAPE Map ----- +----------------------------------------------------+ | ???????????????????????????????????????????????? | | ???????????????????????????????????????????????? | | ???????????????????????????????????????????????? | | ???????????????????????????????????????????????? | | ???????????????????????????????????????????????? | | ???????????????????????????????????????????????? | | ???????????????????????????????????????????????? | | ???????????????????????????????????????????????? | | ???????????????????????????????????????????????? | | ???????????????????????????????????????????????? | | ???????????????????????????????????????????????? | | ???????????????????????????????????????????????? | | ???????????????????????????????????????????????? | | ???????????????????????????????????????????????? | | ???????????????????????????????????????????????? | | ???????????????????????????????????????????????? | | ???????????????????????????????????????????????? | | ???????????????????????????????????????????????? | | ???????????????????????????????????????????????? | | ???????????????????????????????????????????????? | | ?????????????????????????????????????#?????????? | | ?????????????????????????????????? #?????????? | | ??????????????????????########## #?????????? | | ??????????????????????# #?????????? | | ??????????????????????# #?????????? | | ??????????????????????# @ #?????????? | | ??????????????????????# #?????????? | | ??????????????????????# #?????????? | | ??????????????????????####+###########?????????? | | ???????????????????????????????????????????????? | | ???????????????????????????????????????????????? | | ???????????????????????????????????????????????? | | ???????????????????????????????????????????????? | | ???????????????????????????????????????????????? | | ???????????????????????????????????????????????? | | ???????????????????????????????????????????????? | | ???????????????????????????????????????????????? | | ???????????????????????????????????????????????? | | ???????????????????????????????????????????????? | | ???????????????????????????????????????????????? | | ???????????????????????????????????????????????? | | ???????????????????????????????????????????????? | | ???????????????????????????????????????????????? | | ???????????????????????????????????????????????? | | ???????????????????????????????????????????????? | | ???????????????????????????????????????????????? | | ???????????????????????????????????????????????? | | ???????????????????????????????????????????????? | | ???????????????????????????????????????????????? | | | +----------------------------------------------------+ Best States ------------- Heat Dissipation 64 Energy Generation 18 Energy Capacity 290 Matter Stores 427 Matter Capacity 450 Sight Range 16 Terrain Scan Range 20 Terrain Scan Density 160 Additional Mass Support 9 Armor Coverage 750 Resistance: KI 20 Core Shielding 20 Propulsion Shielding 33 Evasion (%) 50 Recoil Reduction 2 Offensive Hacking 10 Defensive Hacking 10 Relay Coupler Types 94 Relay Coupler Value 4 Item Schematics ----------------- Hcp. Storage Unit | -7/Factory | Scanalyzed Robot Schematics ------------------ None Fabricated ------------ Imp. EM Pulse Cannon | x1 | -7/Factory | Preloaded Alien Tech Used ----------------- None Achievements -------------- None Challenges ------------ None Game ------ Seed CentriumSupersonicSource Manual? 0 Play Time 02:12:40 Cumulative 221.6 hours Start 2021.05.11 @ 12:31:27 End 2021.05.11 @ 14:45:49 Sessions 1 Manual Loads 0 Difficulty Rogue Special Mode None Game No. 90 Rogue 90 Adventurer 0 Explorer 0 Win Type - Total 4 Types 4/0/0/0/0/0/0/0/0 Lore% 67 Gallery% 79 Achievement% 58 Wizard Run 0 Options --------- ASCII 0 Keyboard 0 Movement Mouse Keybinds 0 Fullscreen 2 Font 12/Smallcaps Map View 83x54 Tactical HUD 1 Map Filters NONE Filters NONE Steam X RUN: e05c5755-e5b1-486f-9efc-f0a4ae891ad6